Map: Ephemeron LE

Players

Lambo - Winner!

  • Race: Zerg Zerg
  • League: Grandmaster
  • Spawn Location: 11:00

HellraiseR

  • Race: Protoss Protoss
  • Spawn Location: 5:00

Event: HomeStory Cup XX

VOD

Have the link to the VOD?

Description

Time

  • Played on: Nov. 22, 2019, 6:25 a.m.
  • Length: 7:28

All games in this series

Show
View Real Time Build Order
Export as new Build Order

Lambo Zerg - Winner!

Build Orders: Hatch First 

Get SALT Encoding   

  12  0:01  Drone  
  13  0:12  Overlord  
  13  0:16  Drone  
  14  0:31  Drone x2  
  16  0:48  Hatchery  
  15  0:52  Drone  
  15  0:55  Drone  
  17  0:58  Drone  
  18  1:09  Extractor  
  17  1:14  Spawning Pool  
  17  1:17  Drone  
  17  1:20  Drone  
  18  1:27  Drone  
  19  1:38  Drone  
  20  1:49  Overlord  
  20  2:01  Queen x2  
  20  2:02  Zergling x4  
  26  2:10  Drone  
  26  2:11  Drone  
  28  2:23  Drone x2  
  30  2:34  Hatchery  
  29  2:37  Drone, Pneumatized Carapace  
  29  2:41  Drone  
  29  2:43  Drone  
  32  2:47  Overlord  
  32  2:54  Queen  
  32  2:58  Drone  
  35  3:02  Drone  
  35  3:05  Drone x2  
  38  3:10  Drone x3  
  40  3:17  Metabolic Boost  
  40  3:18  Overlord  
  40  3:20  Zergling x2  
  40  3:27  Overlord  
  41  3:32  Queen  
  43  3:38  Drone x2  
  43  3:39  Zergling x2  
  46  3:43  Zergling x2  
  46  3:44  Drone x2  
  46  3:46  Drone  
  50  3:49  Drone  
  50  3:50  Spore Crawler  
  50  3:52  Queen  
  52  3:56  Spore Crawler  
  52  4:00  Drone x2  
  53  4:04  Drone x3  
  53  4:07  Drone  
  57  4:10  Spore Crawler, Drone  
  57  4:15  Drone x2  
  59  4:19  Drone x3  
  59  4:20  Drone  
  63  4:25  Queen  
  63  4:29  Overlord  
  63  4:31  Overlord  
  65  4:33  Overlord  
  65  4:38  Roach Warren  
  64  4:40  Overlord  
  64  4:45  Drone  
  65  4:47  Lair  
  65  4:49  Extractor  
  65  4:50  Drone x3  
  65  4:51  Extractor, Drone  
  65  4:52  Drone  
  68  4:54  Drone  
  69  5:00  Drone x3  
  69  5:02  Drone x2  
  69  5:05  Drone x2  
  76  5:08  Evolution Chamber  
  76  5:09  Drone x3  
  76  5:12  Drone  
  79  5:14  Extractor  
  79  5:16  Drone  
  79  5:18  Extractor  
  79  5:19  Drone  
  79  5:20  Extractor  
  78  5:23  Overlord  
  78  5:24  Queen  
  78  5:25  Drone  
  81  5:32  Overlord  
  81  5:33  Overlord  
  81  5:35  Overlord  
  81  5:36  Overlord  
  81  5:38  Drone x3  
  84  5:42  Overlord  
  84  5:48  Roach x4  
  92  5:50  Nydus Network  
  92  5:51  Overlord  
  92  5:52  Overlord  
  92  5:55  Roach  
  92  5:56  Glial Reconstitution  
  93  6:00  Roach x2  
  99  6:04  Roach x3  
  99  6:07  Overlord  
  99  6:10  Roach  
  99  6:11  Roach  
  107  6:13  Ravager x3  
  107  6:16  Roach x2  
  107  6:18  Overlord  
  114  6:19  Roach  
  114  6:20  Ravager  
  114  6:24  Roach x3  
  123  6:29  Nydus Canal  
  123  6:31  Zergling x2, Roach  
  123  6:32  Overlord  
  126  6:35  Zergling x2, Roach x2  
  126  6:37  Roach  
  133  6:41  Roach x2  
  133  6:43  Roach x2  
  133  6:46  Nydus Canal  
  141  6:49  Roach x2  
  141  6:53  Zergling x4, Roach  
  149  6:57  Zergling x2  
  149  7:00  Zergling x8  
  154  7:02  Overlord  
  154  7:03  Zergling x4  
  154  7:06  Nydus Canal  
  154  7:07  Zergling x4  
Show
View Real Time Build Order
Export as new Build Order

HellraiseR Protoss 

Build Orders: 1 Gate Expand, Oracle Opening, Phoenix Opening 

Get SALT Encoding   

  12  0:02  Probe  
  14  0:14  Probe  
  14  0:21  Pylon  
  14  0:26  Probe  
  15  0:35  Probe  
  15  0:40  Gateway  
  16  0:43  Probe  
  16  0:48  Assimilator  
  17  0:53  Probe  
  18  1:05  Probe  
  19  1:22  Nexus  
  20  1:25  Probe  
  20  1:37  Cybernetics Core  
  20  1:39  Probe  
  21  1:46  Assimilator  
  21  1:51  Probe  
  22  1:55  Pylon  
  22  2:03  Adept, Probe  
  23  2:11  Probe  
  26  2:19  Probe  
  26  2:21  Stargate  
  26  2:27  Warp Gate  
  27  2:30  Probe x2  
  29  2:37  Adept  
  29  2:39  Probe  
  29  2:42  Probe  
  33  2:50  Probe  
  33  2:54  Probe  
  33  2:58  Phoenix  
  35  3:02  Probe  
  38  3:06  Probe  
  39  3:15  Pylon, Probe  
  39  3:17  Oracle  
  39  3:18  Probe  
  41  3:20  Gateway  
  44  3:27  Probe  
  44  3:30  Assimilator  
  44  3:31  Probe  
  44  3:34  Assimilator  
  46  3:39  Probe  
  47  3:43  Probe  
  47  3:45  Pylon  
  48  3:49  Oracle  
  48  3:51  Probe  
  48  3:55  Probe  
  53  4:01  Robotics Facility  
  53  4:03  Probe  
  53  4:07  Probe  
  55  4:11  Pylon  
  55  4:16  Probe  
  56  4:19  Probe  
  57  4:27  Zealot  
  57  4:28  Probe, Zealot  
  57  4:30  Oracle  
  65  4:31  Probe  
  66  4:40  Pylon  
  66  4:45  Nexus  
  66  4:46  Probe x2  
  66  4:49  Pylon  
  68  4:54  Observer  
  68  4:58  Sentry x2, Probe  
  74  5:00  Probe  
  74  5:01  Shield Battery  
  75  5:09  Forge  
  75  5:10  Immortal, Probe, Twilight Council  
  75  5:12  Probe  
  81  5:22  Probe  
  81  5:24  Probe  
  83  5:29  Pylon  
  83  5:34  Probe  
  81  5:37  Probe  
  81  5:38  Charge  
  81  5:40  Gateway  
  81  5:41  Gateway  
  82  5:46  Immortal, Probe  
  83  5:50  Probe  
  88  5:58  Probe  
  88  5:59  Probe  
  90  6:07  Probe  
  90  6:10  Probe, Templar Archives  
  92  6:13  Gateway  
  92  6:16  Assimilator, Probe  
  92  6:17  Assimilator  
  93  6:20  Immortal, Probe, Gateway  
  93  6:24  Gateway  
  94  6:26  Pylon  
  98  6:33  Probe  
  98  6:36  Gateway  
  99  6:43  Probe x2  
  99  6:45  Pylon  
  101  6:51  Stalker x3  
  101  6:52  Stalker  
  109  6:55  Probe  
  110  7:05  Probe  
  109  7:09  Stalker  
  109  7:14  Zealot x3  
  109  7:18  Zealot x2  
Tags
 
Add a new tag
Caveats
  • Supply blocks, unpowered buildings, or Contaminate may cause inaccurate times.
  • Supply counts are checked every 10 seconds.